 Dungeon Crawl Stone Soup version 0.28.0-49-g6dfe1f597d (webtiles) character file.

Game seed: 17097528444091596235

330 Exodus22XD the Poker (level 6, 4/46 HPs)
             Began as a Demonspawn Gladiator on May 15, 2022.
             Was a Believer of Uskayaw.
             Quit the game on level 4 of the Dungeon.
             The game lasted 00:03:07 (3425 turns).

Exodus22XD the Poker (Demonspawn Gladiator)         Turns: 3425, Time: 00:03:08

Health: 4/46       AC:  4    Str: 16    XL:     6   Next: 26%
Magic:  7/7        EV: 12    Int: 12    God:    Uskayaw [**....]
Gold:   234        SH:  0    Dex: 14    Spells: 5/5 levels left

rFire   . . .      SeeInvis .   a - +0 trident
rCold   . . .      Faith    .   (no shield)
rNeg    . . .      Spirit   .   b - +0 leather armour
rPois   .          Reflect  .   c - +0 helmet
rElec   .          Harm     .   (no cloak)
rCorr   .          Rampage  .   (no gloves)
Will    .....                   (no boots)
Stlth   ++........              (no amulet)
HPRegen 0.15/turn               (no ring)
MPRegen 0.10/turn               (no ring)

@: no status effects
A: powered by death 2, big brain 1, weakness stinger 1
a: Renounce Religion, Stomp, Line Pass


You were on level 4 of the Dungeon.
You worshipped Uskayaw.
Uskayaw was noncommittal.
You visited 1 branch of the dungeon, and saw 4 of its levels.

You collected 234 gold pieces.

Inventory:

Hand Weapons
 a - a +0 trident (weapon)
Missiles
 d - 3 throwing nets (quivered)
Armour
 b - a +0 leather armour (worn)
 c - a +0 helmet (worn)
Scrolls
 e - 4 scrolls of amnesia {unknown}
 f - 2 scrolls of identify {unknown}
 g - a scroll of summoning {unknown}
 h - 2 scrolls of teleportation {unknown}
 k - 2 scrolls of noise {unknown}
 l - a scroll of enchant weapon {unknown}
Potions
 i - a potion of invisibility {unknown}
 j - a potion of heal wounds {unknown}
 m - a potion of curing {unknown}


   Skills:
 + Level 2.9 Fighting
 + Level 5.0 Polearms
 + Level 1.8 Throwing
 + Level 2.1 Armour
 + Level 3.0 Dodging
 + Level 1.3 Stealth
 * Level 1.5 Invocations


You had 5 spell levels left.
You didn't know any spells.
Your spell library contained the following spells:

 Spells                   Type           Power      Damage    Failure   Level
 Magic Dart               Conj           0%         1d3       38%         1
 Searing Ray              Conj           0%         2d4       52%         2
 Fulminant Prism          Conj/Hex       0%         3d6       99%         4


Dungeon Overview and Level Annotations

Branches:
Dungeon (4/15)
 Temple: D:4-7

Altars:
Dithmenos
Makhleb
Trog
Uskayaw
Yredelemnul
Zin

Shops:
D:2 =


Innate Abilities, Weirdness & Mutations

You regenerate health from kills.
You have an unusually large brain. (Int +2)
You have a small tail.


Message History

The orc wizard mumbles some strange words.
The orc wizard flickers and vanishes!
Deactivating autopickup; reactivate with Ctrl-A.
The orc wizard casts a spell at you. You resist with some effort.
Unknown command.
You barely miss the orc wizard.
The orc wizard is heavily wounded.
The orc hits you with a +0 falchion. Something hits you but does no damage.
The orc wizard hits you but does no damage.
You hit the orc wizard.
The orc wizard is almost dead.
The orc closely misses you. Something completely misses you.
The orc wizard hits you but does no damage.
You hit the orc.
The orc is almost dead.
The orc priest mumbles some strange prayers to Beogh against you.
Pain shoots through your body!
You closely miss something. The orc hits you with a +0 falchion.
You hear some strange, mumbled words.
A puff of flame appears from out of thin air!
The puff of flame hits you.
* * * LOW HITPOINT WARNING * * *
The orc wizard gestures at you while chanting.
The puff of flame hits something.
Unknown command.
You hit something but do no damage.
Your tail-slap misses something.
The orc hits you but does no damage.
The orc wizard gestures at you while chanting.
You resist with some effort. The orc closely misses you.
The orc priest looks satisfied for a moment.
You hear some strange, mumbled words.
A magic dart appears from out of thin air!
The magic dart hits you.
* * * LOW HITPOINT WARNING * * *
The orc wizard hits you but does no damage.
There is an open door, spattered with blood here.
Unknown command.
Are you sure you want to abandon this character and quit the game? (Confirm with "yes".)

.........##+#
..########..#.........#
..#.........#.........#
..'.........#.........#
..#...†.....#.........#
..#.........#.........#
##..........#........$#
#....##...##..oo.....#
##...##...#####@###
#.....#.......{.o.+
#.....#...........#
#.....+...........#
##### #############


You could see an orc priest, an orc wizard and an orc.

Vanquished Creatures
  A bullfrog (D:3)
  A hound (D:4)
  A bullfrog skeleton (D:4)
  Natasha (twice) (D:3)
  An iguana (D:4)
  5 adders
  An ufetubus (D:4)
  4 worms
  3 dart slugs
  4 orcs
  3 endoplasms (D:3)
  3 giant cockroaches
  6 goblins
  7 hobgoblins
  4 kobolds
  4 quokkas
  6 ball pythons
  7 bats
  2 frilled lizards (D:1)
  6 rats
71 creatures vanquished.

Notes
Turn   | Place    | Note
-------+----------+-------------------------------------------
     0 | D:1      | Exodus22XD the Demonspawn Gladiator began the quest for the
                  | Orb.
     0 | D:1      | Reached XP level 1. HP: 16/16 MP: 1/1
   154 | D:1      | Gained mutation: You regenerate a little health from kills.
                  | [demonic ancestry]
   154 | D:1      | Reached XP level 2. HP: 22/22 MP: 2/2
   177 | D:1      | Reached skill level 3 in Polearms
   648 | D:1      | Found a faded altar of an unknown god.
  1236 | D:2      | Reached XP level 3. HP: 24/27 MP: 3/3
  1488 | D:2      | Found Seteulup's Jewellery Boutique.
  1797 | D:2      | Identified the +3 chain mail of the Bulwark {*Slow rF+
                  | Int+3 Dex+5}
  2039 | D:3      | Found a bloodstained altar of Trog.
  2085 | D:3      | Reached skill level 1 in Armour
  2091 | D:3      | Noticed a bullfrog
  2097 | D:3      | Killed a bullfrog
  2098 | D:3      | Reached skill level 4 in Polearms
  2098 | D:3      | Gained mutation: You regenerate health from kills. [demonic
                  | ancestry]
  2098 | D:3      | Reached XP level 4. HP: 13/34 MP: 4/4
  2349 | D:3      | Found a shadowy altar of Dithmenos.
  2350 | D:3      | Found a burning altar of Makhleb.
  2383 | D:3      | Found a hide-covered altar of Uskayaw.
  2389 | D:3      | Found a basalt altar of Yredelemnul.
  2393 | D:3      | Became a worshipper of Uskayaw the Reveller
  2432 | D:3      | Reached * piety under Uskayaw
  2434 | D:3      | Gained mutation: You have an unusually large brain. (Int
                  | +2) [demonic ancestry]
  2434 | D:3      | Reached XP level 5. HP: 39/39 MP: 5/5
  2448 | D:3      | Reached ** piety under Uskayaw
  2568 | D:3      | Reached skill level 1 in Stealth
  2611 | D:3      | Noticed Natasha
  2620 | D:3      | Killed Natasha
  2841 | D:3      | Noticed Natasha
  2854 | D:3      | Killed Natasha
  3065 | D:4      | Reached skill level 1 in Invocations
  3220 | D:4      | Gained mutation: You have a small tail. [demonic ancestry]
  3220 | D:4      | Reached XP level 6. HP: 34/46 MP: 5/7
  3409 | D:4      | Reached skill level 5 in Polearms
  3425 | D:4      | Quit the game

Illustrated notes

Levels and vault maps discovered:
D:1:      evilmike_arrival_crescent, layout_basic,
          shapermc_ecumenical_altar_mp_highgroup, lemuel_another_geyser
D:2:      layout_rooms, serial_shops, shop, minmay_misc_feat_doors,
          chequers_serial_rivers_micro_a, kennysheep_generic_room_13
D:3:      layout_basic, amcnicky_altar_gilded, grunt_temple_overflow_open,
          gammafunk_temple_overflow_statue,
          hangedman_abyss_or_decor_lesser_grid, uniq_natasha
D:4:      minmay_angry_zag, layout_gridville, nicolae_zen_rock_garden

Skill      XL: |  1  2  3  4  5  6 |
---------------+-------------------+-----
Polearms       | 3 4 5 |  5.0
Armour         | 1 2 |  2.1
Dodging        | 3 |  3.0
Stealth        | 1 |  1.3
Invocations    | 1 |  1.5
Fighting       | |  2.9
Throwing       | |  1.8

Action                   |  1- 3 |  4- 6 || total
-------------------------+-------+-------++-------
Melee: Trident           |   136 |   139 ||   275
       Punch             |     1 |       ||     1
       Tailslap          |       |     4 ||     4
 Stab: Sleeping          |     1 |     2 ||     3
Armor: Leather armour    |    29 |    34 ||    63
Dodge: Dodged            |    65 |    79 ||   144
